 Dungeon Crawl Stone Soup version 0.32-a0-407-g4da7c8d6d1 (webtiles) character file.

Game seed: 6611818733964271772

56 tilp the Sneak (level 3, 0/26 HPs)
             Began as a Vampire Enchanter on Feb 20, 2024.
             Slain by a ribbon worm (8 damage)
             ... on level 2 of the Dungeon.
             The game lasted 00:01:50 (1010 turns).

tilp the Sneak (Vampire Enchanter)                  Turns: 1010, Time: 00:01:51

Health: 0/26       AC:  2    Str:  7    XL:     3   Next: 69%
Magic:  1/6        EV: 12    Int: 19    God:
Gold:   70         SH:  0    Dex: 14    Spells: 1/6 levels left

rFire   . . .        a - +1 dagger
rCold   . . .        (no shield)
rNeg    . . .        b - +0 robe
rPois   .            (no helmet)
rElec   .            (no cloak)
rCorr   .            (no gloves)
SInv    +            (no boots)
Will    .....        (no amulet)
Stlth   +++          (no ring)
HPRegen 0.44/turn    (no ring)
MPRegen 0.10/turn

%: no passive effects
@: healing quickly
A: alive, fangs 3, see invisible, vampiric 2
a: Exsanguinate


You were on level 2 of the Dungeon.
You visited 1 branch of the dungeon, and saw 2 of its levels.

You collected 70 gold pieces.

Inventory:

Hand Weapons
 a - a +1 dagger (weapon)
Armour
 b - a +0 robe (worn)
Scrolls
 e - a scroll of blinking
Potions
 c - 2 potions of invisibility
 d - a potion of attraction {unknown}
 f - a potion of might {unknown}
 g - a potion of brilliance {unknown}
 i - a potion of cancellation {unknown}


   Skills:
 * Level 1.3 Fighting
 * Level 2.1 Short Blades
 + Level 2.6 Dodging
 + Level 4.7 Stealth
 + Level 2.2 Spellcasting
 + Level 4.7 Hexes
 + Level 0.4 Ice Magic


You had one spell level left.
You knew the following spells:

 Your Spells              Type           Power      Damage    Failure   Level
a - Ensorcelled Hibernat  Hex/Ice        22%        N/A       9%          2
b - Confusing Touch       Hex            19%        N/A       7%          3

Your spell library contained the following spells:

 Spells                   Type           Power      Damage    Failure   Level
 Tukima's Dance           Hex            19%        N/A       7%          3
 Dazzling Flash           Conj/Hex       22%        N/A       19%         3


Dungeon Overview and Level Annotations

Branches:
Dungeon (2/15)

Altars:


Innate Abilities, Weirdness & Mutations

Your natural rate of healing is accelerated.
You have razor-sharp teeth.
You have supernaturally acute eyesight. (SInv)
You are afflicted with vampirism and can become a bat while bloodless.


Message History

The stream of webbing hits you but does no damage.
You are caught in a web!
There is a web here.
You see here a quokka corpse.
Casting: Ensorcelled Hibernation (safe; 9% risk of failure)
Confirm with . or Enter, or press ? or * to list all spells.
Aiming: Ensorcelled Hibernation (safe; 9% risk of failure)
Press: ? - help, Shift-Dir - straight line, f - ribbon worm
Aim: a ribbon worm (catching its breath, chance to affect: 53%)
The ribbon worm resists with significant effort.
Unknown command.
You struggle to detach yourself from the web.
The ribbon worm bites you.
The web tears apart.
You hit the ribbon worm.
The ribbon worm is lightly wounded.
The ribbon worm closely misses you.
You hit the ribbon worm.
The ribbon worm is moderately wounded.
The ribbon worm barely misses you.
You barely miss the ribbon worm.
The ribbon worm is moderately wounded.
The ribbon worm bites you.
You hit the ribbon worm.
The ribbon worm is moderately wounded.
The adder hisses angrily.
You hit the ribbon worm.
The ribbon worm is heavily wounded.
The ribbon worm expels a string of sticky webbing.
The stream of webbing hits you but does no damage.
You are caught in a web!
The web tears apart.
The ribbon worm bites you!
You hit the ribbon worm.
The ribbon worm is heavily wounded.
The ribbon worm bites you.
* * * LOW HITPOINT WARNING * * *
You hit the ribbon worm but do no damage.
The ribbon worm is heavily wounded.
The ribbon worm bites you!
You die...

... #.g.###. ##.#
#.g.<.b. #. ..#
...g..w.... #.##.#
####..##.## #.##.######
#.. .# . #.##......# #.
#.# ..#
#.##.####.#####...g.. ..
#.##.##.............#
#.##.##.@w.S.......##.##
#.......##.######.##
######.#####.# #
#....[.......#
#.####.##..... #.# #.#
...## #.# #.....##
#######.# ######
........#


You could see a ribbon worm and an adder.

Vanquished Creatures
  An adder (D:2)
  2 bats
  3 endoplasms (D:1)
  3 giant cockroaches
  6 goblins
  3 kobolds (D:1)
  2 quokkas
  3 ball pythons (D:1)
  4 rats (D:1)
27 creatures vanquished.

Notes
Turn   | Place    | Note
-------+----------+-------------------------------------------
     0 | D:1      | tilp the Vampire Enchanter began the quest for the Orb.
     0 | D:1      | Reached XP level 1. HP: 13/13 MP: 3/3
    65 | D:1      | Reached XP level 2. HP: 17/20 MP: 5/5
   172 | D:1      | Learned a level 2 spell: Ensorcelled Hibernation
   191 | D:1      | Reached skill level 1 in Fighting
   198 | D:1      | Gained mutation: You are afflicted with vampirism and can
                  | become a bat while bloodless. [Vampire growth]
   198 | D:1      | Reached XP level 3. HP: 26/26 MP: 6/6
   202 | D:1      | Learned a level 3 spell: Confusing Touch
   545 | D:1      | Found a faded altar of an unknown god.
  1010 | D:2      | Slain by a ribbon worm

Illustrated notes

Levels and vault maps discovered:
D:1:      pf_arrival_petrified_forest, layout_rooms,
          shapermc_ecumenical_altar_mp_vishouse
D:2:      layout_loops_ring, uniq_natasha, uniq_crazy_yiuf_cottage, uniq_terence

Skill      XL: |  1  2  3 |
---------------+----------+-----
Fighting       | 1 |  1.3
Short Blades   | 2 |  2.1
Dodging        | |  2.6
Stealth        | |  4.7
Spellcasting   | |  2.2
Hexes          | |  4.7
Ice Magic      | |  0.4

Action                     || total
---------------------------++-------
  Melee: Dagger            ||    87
         Bite              ||     5
   Cast: Ensorcelled Hiber ||     8
    Use: Scroll            ||     3
   Stab: Sleeping          ||     8
 Armour: Robe              ||    42
  Dodge: Dodged            ||    48

Table legend: (Time is in decaauts)
 A = Elapsed time spent in this place.
 B = Non-inter-level travel time spent in this place.
 C = Inter-level travel time spent in this place.
 D = Time resting spent in this place.
 E = Time spent auto-exploring this place.
 F = Levels seen in this place.
 G = Mean time per level.
                   A        B        C        D        E       F      G
               +--------+--------+--------+--------+--------+-----+--------+
         Total |   1003 |    945 |     58 |    195 |    502 |   2 |  501.5 |
       Dungeon |   1003 |    945 |     58 |    195 |    502 |   2 |  501.5 |
               +--------+--------+--------+--------+--------+-----+--------+

Top non-repeatable levels by time:
     D:1: 714 daAuts
     D:2: 289 daAuts
